 Dungeon Crawl Stone Soup version 0.18-a0-1468-gaf180a1 (webtiles) character file.

253 sugabear the Stinger (level 5, -1/36 HPs)
             Began as a Demonspawn Venom Mage on Mar 1, 2016.
             Slain by Grinder (9 damage)
             ... on level 3 of the Dungeon.
             The game lasted 00:05:20 (2373 turns).

sugabear the Stinger (Demonspawn Venom Mage)        Turns: 2373, Time: 00:05:21

Health: -1/36      AC:  5    Str:  8    XL:     5   Next: 90%
Magic:  6/8        EV: 13    Int: 18    God:
Gold:   83         SH:  0    Dex: 13    Spells: 3 memorised, 3 levels left

rFire  . . .     SeeInvis +     r - +3 spear (pierce)
rCold  . . .     Gourm    .     a - +0 robe
rNeg   . . .     Faith    .     (no shield)
rPois  .         Spirit   .     s - +2 helmet {SInv}
rElec  .         Dismiss  .     (no cloak)
rCorr  .         Reflect  .     (no gloves)
SustAt .         Harm     .     (no boots)
MR     .....                    (no amulet)
Stlth  ++........               (no ring)
                                (no ring)

@: not resistant to hostile enchantments, unstealthy
A: powered by pain 1, spiny 1
a: no special abilities


You were on level 3 of the Dungeon.
You were not hungry.

You visited 1 branch of the dungeon, and saw 3 of its levels.

You collected 83 gold pieces.

Inventory:

Hand Weapons
 p - a +2 hunting sling of flaming
 r - a +3 spear of piercing (weapon)
Missiles
 e - 5 javelins (quivered)
 q - 84 stones
Armour
 a - a +0 robe (worn)
 s - a +2 helmet of see invisible (worn)
Jewellery
 g - an uncursed ring of protection from fire {unknown}
Scrolls
 h - a scroll of amnesia
 i - 2 scrolls of remove curse
 m - 3 scrolls of teleportation
 n - 2 scrolls of identify {unknown}
 o - a scroll of recharging {unknown}
 t - 3 scrolls of noise {unknown}
Potions
 d - a potion of flight {unknown}
 f - a potion of curing
 l - a potion of berserk rage {unknown}
 u - a potion of heal wounds {unknown}
 v - a potion of magic {unknown}
Books
 b - a Young Poisoner's Handbook

   Spells                             Type                      Level
   a - Sting                          Conjuration/Poison           1
   b - Cure Poison                    Poison                       2
   c - Mephitic Cloud                 Conjuration/Poison/Air       3
   d - Olgreb's Toxic Radiance        Poison                       4
   e - Venom Bolt                     Conjuration/Poison           5
Comestibles
 c - 3 bread rations
 j - 2 chunks of flesh
 k - a beef jerky


   Skills:
 + Level 0.4 Fighting
 + Level 0.6 Polearms
 + Level 0.3(0.4) Slings
 + Level 0.1(0.3) Throwing
 + Level 3.0 Dodging
 + Level 3.7 Stealth
 + Level 2.5 Spellcasting
 + Level 1.0 Conjurations
 + Level 0.1 Air Magic
 + Level 4.8 Poison Magic


You had 3 spell levels left.
You knew the following spells:

 Your Spells              Type           Power        Failure   Level  Hunger
a - Sting                 Conj/Pois      ##..         6%          1    #......
b - Cure Poison           Pois           ###.......   4%          2    ##.....
c - Mephitic Cloud        Conj/Pois/Air  #.......     24%         3    ###....


Dungeon Overview and Level Annotations

Branches:
Dungeon (3/15)

Altars:
Makhleb

Annotations:
D:3 Grinder


Innate Abilities, Weirdness & Mutations

You sometimes gain a little power by taking damage.
You are partially covered in sharp spines.


Message History

Unknown command.
You're too confused to cast spells.
You hit Grinder.
Grinder is severely wounded.
You feel sick. Grinder closely misses you.
A rat comes into view.
Unknown command.
Grinder gestures at you. Pain shoots through your body!
* * * LOW HITPOINT WARNING * * *
Unknown command.
Drink which item? (? for menu, Esc to quit)
It was a potion of curing.
You feel better.
You closely miss Grinder.
Grinder is severely wounded.
Grinder hits you but does no damage.
You puncture the giant newt!
You kill the giant newt!
Grinder hits you!
You die...

############### )#
†# ..............##
.# ..#
#############..##.#
...# ###....#...$.
#.....r......
###.###.###....
#...##..#....#.
#.##(..#...#
#.....5@...#
#...##.##.#### .#.
#(. ..# .(....##
....### .(.## # .(.
#.. .....


You could see Grinder.

Vanquished Creatures
  A necrophage (D:3)
  A hound (D:3)
  Robin (D:2)
  5 adders
  An ooze (D:1)
  2 worms (D:2)
  2 dart slugs (D:1)
  A giant gecko (D:1)
  2 orcs
  4 giant cockroaches
  14 goblins
  5 hobgoblins
  3 jackals (D:2)
  2 quokkas
  2 ball pythons
  7 bats
  5 giant newts
  A kobold (D:1)
  7 rats
66 creatures vanquished.

Notes
Turn   | Place    | Note
--------------------------------------------------------------
     0 | D:1      | sugabear the Demonspawn Venom Mage began the quest for the Orb.
     0 | D:1      | Reached XP level 1. HP: 13/13 MP: 3/3
   217 | D:1      | Gained mutation: You are partially covered in sharp spines. [demonic ancestry]
   217 | D:1      | Reached XP level 2. HP: 19/19 MP: 5/5
   783 | D:2      | Reached XP level 3. HP: 17/24 MP: 4/6
   901 | D:2      | Noticed Robin
  1125 | D:2      | Killed Robin
  1181 | D:2      | Learned a level 2 spell: Cure Poison
  1185 | D:2      | Learned a level 3 spell: Mephitic Cloud
  1520 | D:2      | Reached XP level 4. HP: 30/30 MP: 7/7
  2059 | D:3      | Found a burning altar of Makhleb.
  2067 | D:3      | Noticed a necrophage
  2078 | D:3      | Killed a necrophage
  2078 | D:3      | Reached skill level 1 in Conjurations
  2078 | D:3      | Gained mutation: You sometimes gain a little power by taking damage. [demonic ancestry]
  2078 | D:3      | Reached XP level 5. HP: 23/35 MP: 5/8
  2356 | D:3      | Noticed Grinder
  2370 | D:3      | HP: 1/35 [Grinder/nerve-wracking pain (7)]
  2373 | D:3      | Slain by Grinder

Vault maps used:
D:1:      minmay_arrival_four_circles, st_stairs_8
D:2:      columned_hall_lemuel, minmay_misc_feat_alley, uniq_robin
D:3:      lemuel_doored_altar, uniq_grinder

Skill      XL: |  1  2  3  4  5 |
---------------+----------------+-----
Dodging        | 2 3 |  3.0
Stealth        | 2 3 |  3.7
Conjurations   | 1 |  1.0
Fighting       | |  0.4
Polearms       | |  0.6
Slings         | |  0.3
Throwing       | |  0.1
Spellcasting   | |  2.5
Air Magic      | |  0.1
Poison Magic   | |  4.8

Action                   |  1- 3 |  4- 6 || total
-------------------------+-------+-------++-------
Melee: Dagger            |    45 |       ||    45
       Spear             |    14 |    37 ||    51
 Fire: Hunting sling     |       |    25 ||    25
Throw: Javelin           |       |     1 ||     1
 Cast: Sting             |    19 |     1 ||    20
       Mephitic Cloud    |       |     2 ||     2
       Cure Poison       |       |     1 ||     1
  Use: Scroll            |     3 |       ||     3
       Potion            |       |     1 ||     1
 Stab: Sleeping          |     3 |     2 ||     5
  Eat: Chunk             |     2 |     3 ||     5
